 Dungeon Crawl Stone Soup version 0.31-a0-164-g2312942fda (webtiles) character file.

Game seed: 7086040866327767567

271 qw the Shooter (level 6, -2/38 HPs)
             Began as a Gargoyle Hunter on June 13, 2023.
             Slain by an orc
             ... wielding a +0 hand axe
              (4 damage)
             ... on level 4 of the Dungeon.
             The game lasted 00:01:05 (2381 turns).

qw the Shooter (Gargoyle Hunter)                    Turns: 2381, Time: 00:01:05

Health: -2/38      AC: 10    Str: 14    XL:     6   Next: 23%
Magic:  6/6        EV: 11    Int: 10    God:
Gold:   160        SH:  0    Dex: 15    Spells: 5/5 levels left

rFire   + . .        Y - +1 shortbow
rCold   . . .        (shield currently unavailable)
rNeg    + + .        k - +1 leather armour {rF+}
rPois   inf          (no helmet)
rElec   +            (no cloak)
rCorr   .            (no gloves)
SInv    .            a - +1 pair of boots {rampage}
Will    .....        (no amulet)
Stlth   ++           h - ring of positive energy
HPRegen 0.26/turn    (no ring)
MPRegen 0.10/turn

%: rampage
@: no status effects
A: sickness immunity, AC +4, negative energy resistance 1, electricity
resistance, torment resistance 1, petrification resistance
a: no special abilities


You were on level 4 of the Dungeon.
You visited 1 branch of the dungeon, and saw 4 of its levels.

You collected 160 gold pieces.


Innate Abilities, Weirdness & Mutations

You are immune to sickness and miasma.
Your stone body is resilient. (AC +4)
You are immune to poison.
You resist negative energy. (rN+)
You are resistant to electric shocks. (rElec)
You are resistant to unholy torment.
You are immune to petrification.


   Skills:
 - Level 4.0 Fighting
 + Level 6.3 Ranged Weapons
 - Level 1.3 Armour
 - Level 1.5 Dodging
 - Level 1.1 Stealth


You had 5 spell levels left.
You didn't know any spells.
Your spell library was empty.

Inventory:

Hand Weapons
 Y - a +1 shortbow (weapon)
Armour
 a - a +1 pair of boots of rampaging (worn)
 k - a +1 leather armour of fire resistance (worn)
Jewellery
 e - a ring of ice
 h - a ring of positive energy (left hand)
Scrolls
 b - a scroll of identify
Potions
 d - a potion of mutation {unknown}

Dungeon Overview and Level Annotations

Branches:
Dungeon (4/15)
 Temple: D:4-7

Altars:


Message History

You feel less confused. Something hits you but does no damage.
You shoot an arrow.
You hear some strange, mumbled words.
You are confused.
You hear some strange, mumbled words.
A puff of flame appears from out of thin air!
The puff of flame hits you. You resist.
You hear some strange, mumbled words.
A magic dart appears from out of thin air!
The magic dart hits you! Something hits you but does no damage.
Something hits you but does no damage. Something hits you but does no damage.
You feel less confused. Something hits you but does no damage.
2369 ||| FLEEEEING.
A magic dart appears from out of thin air!
The magic dart hits you.
2370 ||| FLEEEEING.
2371 ||| FLEEEEING.
Found a stone staircase leading down.
You hear some strange, mumbled words.
You are confused.
A magic dart appears from out of thin air!
The magic dart hits you!
You hear some strange, mumbled words.
You are more confused.
You hear some strange, mumbled words.
A magic dart appears from out of thin air!
The magic dart hits you!
You hear some strange, mumbled words.
A puff of flame appears from out of thin air!
The puff of flame misses you. Something hits you.
You hear some strange, mumbled words.
A magic dart appears from out of thin air!
The magic dart hits you.
You feel less confused. Something hits you but does no damage.
The orc hits you with a +0 hand axe.
You die...

# # ### ###.# ##..#######
....#.....#### ####
.......##....###..# #
####...##........#####.#
## ##..#.....#...o..)..#
.####...........@####$.$#
.......######....#
......# ........# #..#.#
......# #<....... #..#..#
o.##..# ###......#
#..#.<# ..o .. #......
#..##.. ..## . ..... . ..
### ..## #. #># .#


You could see an orc.

Vanquished Creatures
  A howler monkey (D:3)
  3 orc wizards (D:3)
  Natasha (thrice) (D:2)
  2 adders (D:2)
  A dart slug (D:3)
  8 orcs
  6 endoplasms
  A giant cockroach (D:3)
  6 goblins
  5 hobgoblins
  5 jackals
  4 ball pythons
  6 bats
  3 frilled lizards
  3 kobolds (D:3)
  6 rats
63 creatures vanquished.

Notes
Turn   | Place    | Note
-------+----------+-------------------------------------------
     0 | D:1      | qw the Gargoyle Hunter began the quest for the Orb.
     0 | D:1      | Reached XP level 1. HP: 12/12 MP: 1/1
     0 | D:1      | 0 ||| qw: Version: 0.2-a-29-gc1b59c4
     0 | D:1      | 0 ||| qw: Game counter: 4572
     0 | D:1      | 0 ||| qw: Always use a shield: true
     0 | D:1      | 0 ||| qw: God list: Okawaru
     0 | D:1      | 0 ||| qw: Allow faded altars: false
     0 | D:1      | 0 ||| qw: Do Orc after D:15 true
     0 | D:1      | 0 ||| qw: Do second Lair branch before Depths: true
     0 | D:1      | 0 ||| qw: Lair rune preference: random
     0 | D:1      | 0 ||| qw: Plans: Normal, Zot:1-4, Slime:5, God:TSO, Crypt,
                  | Tomb, Abyss, Pan, Hells, Win
     0 | D:1      | 0 ||| PLANNING D:1-11
    60 | D:1      | Reached XP level 2. HP: 17/17 MP: 2/2
   673 | D:1      | 673 ||| UPGRADING to +0 ring mail.
   683 | D:1      | 683 ||| DROPPING +0 leather armour.
   684 | D:1      | 684 ||| UPGRADING to ring of positive energy.
   685 | D:1      | 685 ||| READING scroll labelled ANIOH WAOLL.
   686 | D:1      | 686 ||| READING scroll labelled MEIL UZEACUNN.
   689 | D:1      | 689 ||| READING scroll labelled QUZXIJ DUOCEM.
   690 | D:1      | 690 ||| READING scroll labelled SAIMIOCS QAMNE.
   690 | D:1      | Identified a scroll of acquirement
   690 | D:1      | 690 ||| ACQUIRING +1 pair of boots of rampaging
   690 | D:1      | Acquired a +1 pair of boots of rampaging
   692 | D:1      | 692 ||| UPGRADING to +1 pair of boots of rampaging.
   697 | D:1      | 697 ||| DROPPING scroll of butterflies.
   738 | D:2      | Reached skill level 1 in Armour
   738 | D:2      | Reached XP level 3. HP: 21/21 MP: 3/3
   822 | D:2      | Reached skill level 5 in Ranged Weapons
   831 | D:2      | Noticed Natasha
   838 | D:2      | Killed Natasha
   839 | D:2      | Reached skill level 3 in Fighting
   839 | D:2      | Reached XP level 4. HP: 18/28 MP: 4/4
  1130 | D:2      | Noticed Natasha
  1136 | D:2      | Killed Natasha
  1201 | D:2      | 1201 ||| UPGRADING to +1 leather armour of fire resistance.
  1211 | D:2      | 1211 ||| DROPPING +0 ring mail.
  1212 | D:2      | 1212 ||| READING scroll labelled OWERYZ JOTE.
  1213 | D:2      | 1213 ||| READING scroll labelled VUDUDGH IKURE.
  1214 | D:2      | 1214 ||| READING scroll labelled BUANOO HEX MAS.
  1215 | D:2      | 1215 ||| READING scroll labelled BUEJET LAECWI.
  1216 | D:2      | 1216 ||| READING scroll labelled QOBLUG SUPTEXA.
  1217 | D:2      | 1217 ||| READING scroll labelled PINOTWOPRE.
  1687 | D:3      | Reached XP level 5. HP: 32/32 MP: 5/5
  1770 | D:3      | 1770 ||| FLEEEEING.
  1771 | D:3      | 1771 ||| FLEEEEING.
  1786 | D:3      | Reached skill level 6 in Ranged Weapons
  1798 | D:3      | Reached XP level 6. HP: 19/38 MP: 6/6
  1799 | D:3      | HP: 8/38 [orc/+0 short sword (4)]
  1803 | D:3      | 1803 ||| FLEEEEING.
  1804 | D:3      | 1804 ||| FLEEEEING.
  1805 | D:3      | 1805 ||| FLEEEEING.
  1806 | D:3      | 1806 ||| FLEEEEING.
  1808 | D:3      | 1808 ||| FLEEEEING.
  1809 | D:3      | 1809 ||| FLEEEEING.
  1811 | D:3      | 1811 ||| FLEEEEING.
  1812 | D:3      | 1812 ||| FLEEEEING.
  1813 | D:3      | 1813 ||| FLEEEEING.
  1814 | D:3      | 1814 ||| FLEEEEING.
  1815 | D:3      | 1815 ||| FLEEEEING.
  1816 | D:3      | 1816 ||| FLEEEEING.
  1817 | D:3      | 1817 ||| FLEEEEING.
  1818 | D:3      | 1818 ||| FLEEEEING.
  1819 | D:3      | 1819 ||| FLEEEEING.
  1820 | D:3      | 1820 ||| FLEEEEING.
  1821 | D:3      | 1821 ||| FLEEEEING.
  1822 | D:3      | 1822 ||| FLEEEEING.
  1823 | D:3      | 1823 ||| FLEEEEING.
  1824 | D:3      | 1824 ||| FLEEEEING.
  1825 | D:3      | 1825 ||| FLEEEEING.
  1826 | D:3      | 1826 ||| FLEEEEING.
  1827 | D:3      | 1827 ||| FLEEEEING.
  1828 | D:3      | 1828 ||| FLEEEEING.
  1829 | D:3      | 1829 ||| FLEEEEING.
  1830 | D:3      | 1830 ||| FLEEEEING.
  1831 | D:3      | 1831 ||| FLEEEEING.
  1832 | D:3      | 1832 ||| FLEEEEING.
  1833 | D:3      | 1833 ||| FLEEEEING.
  1834 | D:3      | 1834 ||| FLEEEEING.
  1835 | D:3      | 1835 ||| FLEEEEING.
  1836 | D:3      | 1836 ||| FLEEEEING.
  1837 | D:3      | 1837 ||| FLEEEEING.
  1838 | D:3      | 1838 ||| FLEEEEING.
  1839 | D:3      | 1839 ||| FLEEEEING.
  1840 | D:3      | 1840 ||| FLEEEEING.
  1842 | D:3      | 1842 ||| FLEEEEING.
  1843 | D:3      | 1843 ||| FLEEEEING.
  1844 | D:3      | 1844 ||| STAIRDANCE
  1906 | D:2      | Noticed Natasha
  1910 | D:2      | 1910 ||| Stepping ~*~*~tactically~*~*~ (outnumbered).
  1917 | D:2      | Killed Natasha
  2015 | D:2      | 2015 ||| READING 2 scrolls labelled HIUXELL WAES.
  2016 | D:2      | 2016 ||| READING scroll labelled OKHLET MUGGEU.
  2046 | D:3      | 2046 ||| STAIRDANCE
  2343 | D:4      | 2343 ||| Stepping ~*~*~tactically~*~*~ (outnumbered).
  2345 | D:4      | 2345 ||| Stepping ~*~*~tactically~*~*~ (outnumbered).
  2347 | D:4      | 2347 ||| Stepping ~*~*~tactically~*~*~ (outnumbered).
  2349 | D:4      | 2349 ||| Stepping ~*~*~tactically~*~*~ (outnumbered).
  2369 | D:4      | 2369 ||| FLEEEEING.
  2370 | D:4      | 2370 ||| FLEEEEING.
  2371 | D:4      | 2371 ||| FLEEEEING.
  2376 | D:4      | HP: 8/38 [something/magic dart (10)]
  2379 | D:4      | HP: 1/38 [something/magic dart (4)]
  2381 | D:4      | Slain by an orc

Levels and vault maps discovered:
D:1:      ncdulo_halloftheorcs, layout_loops_ring, kennysheep_doodads,
          st_stairs_14
D:2:      layout_rooms, uniq_natasha
D:3:      layout_loops_corners, hex_medium
D:4:      layout_layer_cave, tso_altar, kennysheep_small_circle

Skill      XL: |  1  2  3  4  5 |
---------------+----------------+-----
Armour         | 1 |  1.3
Ranged Weapons | 5 6 |  6.3
Fighting       | 3 4 |  4.0
Dodging        | |  1.5
Stealth        | |  1.1

Action                     |  1- 3 |  4- 6 || total
---------------------------+-------+-------++-------
   Fire: Shortbow          |    82 |   110 ||   192
    Use: Scroll            |     4 |     8 ||    12
 Armour: Leather armour    |    10 |    38 ||    48
         Ring mail         |    11 |    12 ||    23
  Dodge: Dodged            |    22 |    52 ||    74

Table legend:
 A = Non-vault XP
 B = Vault XP
 C = Vault XP percentage of total XP
 D = Non-vault monster count
 E = Vault monster count
 F = Vault count percentage of total count
                 A         B        C        D         E       F
            +---------+---------+-------+---------+---------+-------
      Total |     350 |      38 |   9.8 |      60 |       3 |   4.8
            +---------+---------+-------+---------+---------+-------
        D:1 |      20 |       3 |  13.0 |      13 |       2 |  13.3
        D:2 |     124 |      35 |  22.0 |      19 |       1 |   5.0
        D:3 |     200 |       0 |   0.0 |      26 |       0 |   0.0
        D:4 |       6 |       0 |   0.0 |       2 |       0 |   0.0
            +---------+---------+-------+---------+---------+-------
